AoeStats
← Koatlistak

Lombardia

508993115Analyzed
3v3 RM · 9d ago on Sep 25, 2026· 45m 20s· 6 players
Game mode
Random Map
Map size
Normal (6 player)
Population
200
Speed
Normal
Resources
Standard
Victory
Conquest
Starting age
Dark Age
Ending age
Imperial Age
RankedLock teamsTeams togetherTeam positionsShared explorationLock speedFull tech treeHidden civsTurbo modeCheats
Victory
Defeat
🇲🇽 Persians · Mexico
1294
+13
🇺🇸 Mongols · United States
1270
+14
🇵🇾 Burgundians · Paraguay
1205
+16
🇵🇰 Varangians · Pakistan
1249
-16
🇵🇰 Ethiopians · Pakistan
1229
-15
🇦🇺 Hindustanis · Australia
1164
-12
Koatlistak
5:13 Loom
9:42 Feudal Age
10:30 Double-Bit Axe
11:34 Horse Collar
13:44 Scale Barding Armor
14:22 Town Watch
20:01 Castle Age
19:07 Wheelbarrow
19:04 Forging
20:54 Chain Barding Armor
21:10 Iron Casting
21:01 Bloodlines
21:48 Bow Saw
22:05 Gold Mining
24:21 Squires
24:07 Arson
23:44 Pikeman
25:03 Heavy Plow
26:32 Husbandry
27:31 Gold Shaft Mining
35:10 Imperial Age
33:18 Hand Cart
33:36 Caravan
34:49 Cavalier
36:06 Plate Barding Armor
36:32 Blast Furnace
35:47 Guilds
36:08 Coinage
36:14 Savar
38:34 Crop Rotation
45:18 Conscription
alexisjcw
6:47 Loom
9:00 Feudal Age
12:10 Wheelbarrow
11:52 Scale Barding Armor
11:59 Forging
19:16 Bloodlines
19:23 Double-Bit Axe
25:33 Castle Age
24:09 Stone Mining
24:04 Horse Collar
24:18 Gold Mining
28:30 Bow Saw
28:24 Caravan
29:33 Fortified Wall
32:09 Ballistics
32:01 Masonry
35:29 Fletching
35:40 Padded Archer Armor
36:01 Husbandry
37:17 Thumb Ring
37:30 Leather Archer Armor
38:36 Bodkin Arrow
43:16 Imperial Age
43:41 Iron Casting
43:27 Chain Barding Armor
44:28 Conscription
44:27 Onager
45:32 Drill
45:15 Bracer
DANICW82
10:53 Feudal Age
15:15 Castle Age
13:04 Double-Bit Axe
13:48 Horse Collar
14:21 Bow Saw
14:48 Heavy Plow
18:13 Wheelbarrow
19:33 Loom
19:53 Gold Mining
19:59 Stone Mining
23:22 Hand Cart
25:14 Gold Shaft Mining
30:32 Crop Rotation
31:04 Two-Man Saw
30:34 Caravan
31:16 Fletching
31:27 Scale Mail Armor
31:37 Forging
32:35 Padded Archer Armor
32:30 Bodkin Arrow
32:36 Scale Mail Armor
35:09 Imperial Age
33:03 Squires
32:49 Arson
32:25 Pikeman
34:18 Elite Skirmisher
35:25 Burgundian Vineyards
35:42 Leather Archer Armor
35:42 Chain Mail Armor
36:03 Iron Casting
38:01 Chemistry
37:43 Bracer
38:13 Ballistics
38:33 Conscription
39:54 Blast Furnace
42:02 Halberdier
43:17 Plate Mail Armor
Umair
7:04 Loom
9:16 Feudal Age
11:01 Double-Bit Axe
15:03 Horse Collar
17:46 Fletching
19:27 Wheelbarrow
22:16 Castle Age
22:44 Crossbowman
23:27 Bodkin Arrow
23:33 Padded Archer Armor
23:59 Bow Saw
23:50 Heavy Plow
23:55 Gold Mining
25:17 Ballistics
26:12 Leather Archer Armor
26:32 Thumb Ring
29:56 Wheelbarrow
39:35 Imperial Age
37:21 Hand Cart
38:21 Stone Mining
41:30 Arbalester
43:04 Bracer
43:34 Ring Archer Armor
45:26 Two-Man Saw
45:04 Gold Shaft Mining
45:04 Stone Shaft Mining
Zuku
6:35 Loom
8:59 Feudal Age
10:17 Double-Bit Axe
12:02 Horse Collar
19:23 Wheelbarrow
22:02 Castle Age
20:26 Stone Mining
25:51 Town Watch
30:39 Hand Cart
31:13 Heavy Plow
37:42 Imperial Age
36:44 Bloodlines
36:34 Husbandry
36:44 Gold Mining
37:30 Stone Shaft Mining
37:35 Bow Saw
37:45 Elite Jarl
38:51 Guilds
39:20 Conscription
39:14 Scale Barding Armor
39:20 Forging
40:20 Chain Barding Armor
40:37 Iron Casting
41:11 Town Patrol
aurangzaib.zahoor
10:58 Feudal Age
10:21 Loom
11:25 Horse Collar
11:31 Double-Bit Axe
13:38 Loom
16:56 Castle Age
18:05 Forging
18:04 Padded Archer Armor
19:14 Bow Saw
20:03 Scale Barding Armor
20:51 Bloodlines
24:43 Wheelbarrow
25:15 Scale Barding Armor
26:10 Husbandry
26:28 Heavy Plow
28:54 Iron Casting
31:27 Chain Barding Armor
32:37 Hand Cart
33:02 Town Watch
36:47 Imperial Age
34:58 Grand Trunk Road
34:57 Gold Mining
34:59 Stone Mining
36:31 Ballistics
36:23 Masonry
36:51 Murder Holes
36:56 Heavy Camel Rider
39:16 Blast Furnace
39:20 Plate Barding Armor
40:09 Chemistry
40:33 Conscription
40:01 Imperial Camel Rider
44:43 Fletching
Connection lost

Rejoining the realm…

Still unreachable

The connection could not be restored.

Session expired

The server has moved on; the page needs a fresh start.